MLB
BALTIMORE ORIOLES @ BOSTON RED SOX
08/03/2041
 
TOP OF THE 1ST
Baltimore Orioles batting - Pitching for Boston Red Sox : LHP Raúl Barrera
Pitching: LHP Raúl Barrera
Batting: RHB Freddy Hernández 0-0: Called Strike
0-1: Foul Ball, location: 5SF
0-2: Ball
1-2: Strikes out swinging
Batting: RHB Mikolas Polansky 0-0: Ball
1-0: Ball
2-0: Foul Ball, location: 2F
2-1: Ball
3-1: Base on Balls
Batting: LHB Juan Jose Cabrera 0-0: Ball
1-0: Ball
2-0: Called Strike
2-1: Foul Ball, location: 5SF
2-2: Strikes out swinging
Batting: RHB Kratukarana Multani 0-0: Called Strike
0-1: Foul Ball, location: 9LDF
0-2: Ball
1-2: Ball
2-2: Fly out, F5 (Line Drive, 5, EV 69.4 MPH)
Top of the 1st over - 0 runs, 0 hits, 0 errors, 1 left on base; Baltimore 0 - Boston 0
BOTTOM OF THE 1ST
Boston Red Sox batting - Pitching for Baltimore Orioles : RHP Danny Green
Pitching: RHP Danny Green
Batting: RHB Juan Ávila 0-0: Ball
1-0: Fly out, F8 (Flyball, 8LD, EV 103.8 MPH)
Batting: RHB José Morales 0-0: Ball
1-0: Called Strike
1-1: Called Strike
1-2: Ball
2-2: Fly out, F9 (Line Drive, 9LS, EV 92.5 MPH)
Batting: LHB Derek Orby 0-0: Foul Ball, location: 2F
0-1: Swinging Strike
0-2: Strikes out looking
Bottom of the 1st over - 0 runs, 0 hits, 0 errors, 0 left on base; Baltimore 0 - Boston 0
TOP OF THE 2ND
Baltimore Orioles batting - Pitching for Boston Red Sox : LHP Raúl Barrera
Batting: LHB Samad Beybukov 0-0: Swinging Strike
0-1: Foul Ball, location: 2F
0-2: Ball
1-2: Strikes out swinging
Batting: RHB Tommy Reyna 0-0: Ground out 5-3 (Groundball, 56, EV 106.3 MPH)
Batting: RHB Cedric Powers 0-0: Called Strike
0-1: Fly out, F9 (Flyball, 9LM, EV 86.9 MPH)
Top of the 2nd over - 0 runs, 0 hits, 0 errors, 0 left on base; Baltimore 0 - Boston 0
BOTTOM OF THE 2ND
Boston Red Sox batting - Pitching for Baltimore Orioles : RHP Danny Green
Batting: RHB António Negrón 0-0: Fly out, F4 (Flyball, 4D, EV 88.1 MPH)
Batting: LHB Abel Scott 0-0: Foul Ball, location: 23F
0-1: Called Strike
0-2: Fly out, F8 (Flyball, 8RD, EV 97.5 MPH)
Batting: RHB Juan Serrato 0-0: Foul Ball, location: 5F
0-1: Fly out, F9 (Flyball, 9D, EV 106.9 MPH)
Bottom of the 2nd over - 0 runs, 0 hits, 0 errors, 0 left on base; Baltimore 0 - Boston 0
TOP OF THE 3RD
Baltimore Orioles batting - Pitching for Boston Red Sox : LHP Raúl Barrera
Batting: RHB Remigio Aguilar 0-0: Foul Ball, location: 2F
0-1: Foul Ball, location: 5F
0-2: Strikes out looking
Batting: LHB Greg Martin 0-0: Ball
1-0: Called Strike
1-1: Ball
2-1: SINGLE (Line Drive, 7LS, EV 96.9 MPH)
Batting: RHB Freddy Hernández 0-0: Called Strike
0-1: Called Strike
0-2: Ground out 5-3 (Groundball, 56S, EV 70.6 MPH)
Greg Martin to second
Batting: RHB Mikolas Polansky 0-0: Ground out 5-3 (Groundball, 5L, EV 88.8 MPH)
Top of the 3rd over - 0 runs, 1 hit, 0 errors, 1 left on base; Baltimore 0 - Boston 0
BOTTOM OF THE 3RD
Boston Red Sox batting - Pitching for Baltimore Orioles : RHP Danny Green
Batting: LHB Erwin Broomhead 0-0: Ball
1-0: Called Strike
1-1: Ball
2-1: Fly out, F7 (Flyball, 78M, EV 76.3 MPH)
Batting: SHB Danny Walker 0-0: Ball
1-0: Called Strike
1-1: Ball
2-1: Foul Ball, location: 2F
2-2: Ground out 3-1 (Groundball, 34, EV 88.1 MPH)
Batting: RHB Ignacio Villalobos 0-0: Ball
1-0: Ground out 5-3 (Groundball, 56S, EV 88.8 MPH)
Bottom of the 3rd over - 0 runs, 0 hits, 0 errors, 0 left on base; Baltimore 0 - Boston 0
TOP OF THE 4TH
Baltimore Orioles batting - Pitching for Boston Red Sox : LHP Raúl Barrera
Batting: LHB Juan Jose Cabrera 0-0: Called Strike
0-1: Ground out 6-3 (Groundball, 6, EV 87.5 MPH)
Batting: RHB Kratukarana Multani 0-0: Called Strike
0-1: Ball
1-1: Ball
2-1: Called Strike
2-2: Strikes out looking
Batting: LHB Samad Beybukov 0-0: Ball
1-0: Ground out 4-3 (Groundball, 4, EV 87.5 MPH)
Top of the 4th over - 0 runs, 0 hits, 0 errors, 0 left on base; Baltimore 0 - Boston 0
BOTTOM OF THE 4TH
Boston Red Sox batting - Pitching for Baltimore Orioles : RHP Danny Green
Batting: RHB Juan Ávila 0-0: Called Strike
0-1: Foul Ball, location: 2F
0-2: Ball
1-2: Foul Ball, location: 7LSFF
1-2: Ball
2-2: Ball
3-2: Base on Balls
Batting: RHB José Morales 0-0: Foul Ball, location: 2F
0-1: Called Strike
0-2: Strikes out looking
Batting: LHB Derek Orby 0-0: Called Strike
Juan Ávila steals 2nd, throwing error, E2
Juan Ávila to third
0-1: Foul Ball, location: 2RF
0-2: Strikes out looking
Batting: RHB António Negrón 0-0: Swinging Strike
0-1: Ball
1-1: Ball
2-1: Ground out 5-3 (Groundball, 56S, EV 72.5 MPH)
Bottom of the 4th over - 0 runs, 0 hits, 1 error, 1 left on base; Baltimore 0 - Boston 0
TOP OF THE 5TH
Baltimore Orioles batting - Pitching for Boston Red Sox : LHP Raúl Barrera
Batting: RHB Tommy Reyna 0-0: Ball
1-0: Fly out, F9 (Flyball, 89S, EV 88.1 MPH)
Batting: RHB Cedric Powers 0-0: Swinging Strike
0-1: Foul Ball, location: 2F
0-2: Ball
1-2: Ball
2-2: Ball
3-2: Strikes out swinging
Batting: RHB Remigio Aguilar 0-0: Ball
1-0: Called Strike
1-1: Called Strike
1-2: Ball
2-2: Strikes out looking
Top of the 5th over - 0 runs, 0 hits, 0 errors, 0 left on base; Baltimore 0 - Boston 0
BOTTOM OF THE 5TH
Boston Red Sox batting - Pitching for Baltimore Orioles : RHP Danny Green
Batting: LHB Abel Scott 0-0: Called Strike
0-1: Ball
1-1: Foul Ball, location: 2F
1-2: Fly out, F9 (Flyball, 9, EV 93.1 MPH)
Batting: RHB Juan Serrato 0-0: Called Strike
0-1: Ball
1-1: Swinging Strike
1-2: Ball
2-2: DOUBLE (Line Drive, 5D, EV 99.4 MPH)
Batting: LHB Erwin Broomhead 0-0: Foul Ball, location: 7LMF
0-1: Ball
1-1: Ball
2-1: Swinging Strike
2-2: Ground out 3-1 (Groundball, 34, EV 99.4 MPH)
Juan Serrato to third
Batting: SHB Danny Walker 0-0: Ball
1-0: Called Strike
1-1: Called Strike
1-2: Foul Ball, location: 2F
1-2: Strikes out swinging
Bottom of the 5th over - 0 runs, 1 hit, 0 errors, 1 left on base; Baltimore 0 - Boston 0
TOP OF THE 6TH
Baltimore Orioles batting - Pitching for Boston Red Sox : LHP Raúl Barrera
Batting: LHB Greg Martin 0-0: SINGLE (Line Drive, 34D, EV 95.0 MPH)
Batting: RHB Freddy Hernández 0-0: Ball
1-0: Sac Bunt to 2R - play at first, batter OUT! 2-4
Greg Martin to second
Batting: RHB Mikolas Polansky 0-0: Ball
1-0: Ball
2-0: Called Strike
2-1: Foul Ball, location: 9LSF
2-2: Strikes out swinging
Batting: LHB Juan Jose Cabrera 0-0: Ball
1-0: Foul Ball, location: 3FF
1-1: Ball
2-1: Ground out 4-3 (Groundball, 4, EV 82.5 MPH)
Top of the 6th over - 0 runs, 1 hit, 0 errors, 1 left on base; Baltimore 0 - Boston 0
BOTTOM OF THE 6TH
Boston Red Sox batting - Pitching for Baltimore Orioles : RHP Danny Green
Batting: RHB Ignacio Villalobos 0-0: Ball
1-0: Ball
2-0: Foul Ball, location: 7LDF
2-1: Ball
3-1: Foul Ball, location: 2F
3-2: Base on Balls
Batting: RHB Juan Ávila 0-0: Bunted foul
0-1: Sac Bunt to 2L - play at second, runner OUT! 2-6
Batting: RHB José Morales 0-0: Ball
1-0: Foul Ball, location: 2F
1-1: Ball
2-1: Called Strike
Juan Ávila steals 2nd base
2-2: Foul Ball, location: 2F
2-2: Foul Ball, location: 2F
2-2: Strikes out swinging, 2-3 out at first.
Batting: LHB Derek Orby 0-0: Foul Ball, location: 2F
0-1: Swinging Strike
0-2: Strikes out swinging
Bottom of the 6th over - 0 runs, 0 hits, 0 errors, 1 left on base; Baltimore 0 - Boston 0
TOP OF THE 7TH
Baltimore Orioles batting - Pitching for Boston Red Sox : LHP Raúl Barrera
Batting: RHB Kratukarana Multani 0-0: Ball
1-0: Ball
2-0: Foul Ball, location: 2LF
2-1: Called Strike
2-2: Foul Ball, location: 5SF
2-2: Foul Ball, location: 2F
2-2: Strikes out swinging
Pitching: RHP Bernardo González
Batting: LHB Samad Beybukov 0-0: Foul Ball, location: 3F
0-1: Called Strike
0-2: Foul Ball, location: 2F
0-2: Strikes out swinging
Batting: RHB Tommy Reyna 0-0: Ball
1-0: Ball
2-0: Ground out 6-3 (Groundball, 6, EV 81.9 MPH)
Top of the 7th over - 0 runs, 0 hits, 0 errors, 0 left on base; Baltimore 0 - Boston 0
BOTTOM OF THE 7TH
Boston Red Sox batting - Pitching for Baltimore Orioles : RHP Danny Green
Batting: RHB António Negrón 0-0: Ball
1-0: Foul Ball, location: 23FF
1-1: Ball
2-1: Ground out 5-3 (Groundball, 56S, EV 83.1 MPH)
Batting: LHB Abel Scott 0-0: Ball
1-0: Ball
2-0: Called Strike
2-1: SOLO HOME RUN (Flyball, 9D, EV 102.5 MPH), Distance : 395 ft
Pitching: RHP Gyu-sik Lee
Batting: RHB Juan Serrato 0-0: Called Strike
0-1: Called Strike
0-2: Ball
1-2: Ball
2-2: Ball
3-2: Base on Balls
Batting: LHB Erwin Broomhead 0-0: Fly out, F7 (Flyball, 78S, EV 92.5 MPH)
Batting: SHB Danny Walker 0-0: Ball
1-0: Ball
2-0: Ball
3-0: Called Strike
3-1: Called Strike
3-2: Fly out, F9 (Line Drive, 89M, EV 91.3 MPH)
Bottom of the 7th over - 1 run, 1 hit, 0 errors, 1 left on base; Baltimore 0 - Boston 1
TOP OF THE 8TH
Baltimore Orioles batting - Pitching for Boston Red Sox : RHP Bernardo González
Batting: RHB Cedric Powers 0-0: Foul Ball, location: 3FF
0-1: Called Strike
0-2: Ball
1-2: Foul Ball, location: 2F
1-2: Foul Ball, location: 2F
1-2: Ball
2-2: Fly out, F7 (Flyball, 7S, EV 80.6 MPH)
Pinch Hitting: LHB Jeff Hodge 0-0: Ball
1-0: Called Strike
1-1: Foul Ball, location: 3FF
1-2: Ball
2-2: Strikes out swinging
Batting: LHB Greg Martin 0-0: Ball
1-0: Swinging Strike
1-1: Ground out 6-3 (Groundball, 6S, EV 90.6 MPH)
Top of the 8th over - 0 runs, 0 hits, 0 errors, 0 left on base; Baltimore 0 - Boston 1
BOTTOM OF THE 8TH
Boston Red Sox batting - Pitching for Baltimore Orioles : RHP Gyu-sik Lee
Now at SS: Jerry Powell
Batting: RHB Ignacio Villalobos 0-0: Ball
1-0: Swinging Strike
1-1: Ball
2-1: Fly out, F7 (Flyball, 7S, EV 82.5 MPH)
Batting: RHB Juan Ávila 0-0: Ball
1-0: Swinging Strike
1-1: Foul Ball, location: 2F
1-2: Ball
2-2: Strikes out swinging
Batting: RHB José Morales 0-0: Ball
1-0: Foul Ball, location: 25F
1-1: Foul Ball, location: 2F
1-2: Ground out 4-3 (Groundball, 4S, EV 90.0 MPH)
Bottom of the 8th over - 0 runs, 0 hits, 0 errors, 0 left on base; Baltimore 0 - Boston 1
TOP OF THE 9TH
Baltimore Orioles batting - Pitching for Boston Red Sox : RHP Bernardo González
Pitching: RHP Jim Cox
Batting: RHB Freddy Hernández 0-0: Called Strike
0-1: Ball
1-1: Fly out, F9 (Flyball, 9D, EV 78.8 MPH)
Batting: RHB Mikolas Polansky 0-0: Ball
1-0: Ball
2-0: Swinging Strike
2-1: Foul Ball, location: 2F
2-2: Ball
3-2: Foul Ball, location: 7LMFF
3-2: Base on Balls
Batting: LHB Juan Jose Cabrera 0-0: SINGLE (Groundball, 4D, EV 100.6 MPH)
Mikolas Polansky to second
Batting: RHB Kratukarana Multani 0-0: Foul Ball, location: 2F
0-1: Foul Ball, location: 2F
0-2: Foul Ball, location: 9LSF
0-2: Ball
1-2: Strikes out swinging
Batting: LHB Samad Beybukov 0-0: Called Strike
0-1: Foul Ball, location: 3F
0-2: Strikes out swinging
Top of the 9th over - 0 runs, 1 hit, 0 errors, 2 left on base; Baltimore 0 - Boston 1
Sunday, March 24th , 2024 - OOTP Baseball 24.10 Build 82